 Dungeon Crawl Stone Soup version 0.22-a0-565-gfc6459a524 (webtiles) character file.

77 Hercules1031 the Shield-Bearer (level 4, -16/42 HPs)
             Began as a Deep Dwarf Fighter on June 28, 2018.
             Engulfed by a cloud of flame (17 damage)
             ... on level 2 of the Dungeon.
             The game lasted 00:03:15 (1227 turns).

Hercules1031 the Shield-Bearer (Deep Dwarf Fighter) Turns: 1227, Time: 00:03:16

Health: -16/42     AC:  7    Str: 21    XL:     4   Next: 14%
Magic:  5/5        EV:  8    Int:  8    God:
Gold:   102        SH:  9    Dex: 12    Spells: 5/5 levels left

rFire    . . .     SeeInvis .   a - +0 war axe
rCold    . . .     Gourm    .   c - +0 shield
rNeg     . . .     Faith    .   b - +0 scale mail
rPois    .         Spirit   .   (no helmet)
rElec    .         Reflect  .   (no cloak)
rCorr    .         Harm     .   (no gloves)
MR       .....                  (no boots)
Stlth    ..........             l - amulet of regeneration
HPRegen  0.00/turn              (no ring)
MPRegen  0.09/turn              (no ring)

@: non-regenerating
A: damage resistance, heal wounds, sense surroundings 1, no regeneration
a: Heal Wounds


You were on level 2 of the Dungeon.
You were full.

You visited 1 branch of the dungeon, and saw 2 of its levels.

You collected 102 gold pieces.

Inventory:

Hand Weapons
 a - a +0 war axe (weapon)
Armour
 b - a +0 scale mail (worn)
 c - a +0 shield (worn)
Jewellery
 l - an amulet of regeneration (around neck)
Scrolls
 e - 2 scrolls of remove curse {unknown}
 g - 2 scrolls of random uselessness {unknown}
Potions
 d - a potion of might
 h - a potion of cancellation {unknown}
 i - 2 potions of curing {unknown}
 j - 3 potions of lignification {unknown}
 k - a potion of ambrosia {unknown}
Comestibles
 f - 3 rations


   Skills:
 + Level 3.0 Fighting
 + Level 2.8 Axes
 + Level 3.7 Armour
 + Level 1.3 Dodging
 + Level 3.7 Shields
 * Level 1.1 Spellcasting


You had 5 spell levels left.
You didn't know any spells.
Your spell library was empty.

Dungeon Overview and Level Annotations

Branches:
Dungeon (2/15)

Altars:


Innate Abilities, Weirdness & Mutations

You are resistant to damage.
You can heal yourself by infusing magical energy.
You passively map a small area around you.
You do not regenerate.


Message History

You have reached level 4!
You feel stronger.
Found a tiny steel amulet.
You see here a whip.
You now have 102 gold pieces (gained 5).
A giant cockroach comes into view.
You are no longer poisoned.
Your shield and scale mail prevent you from hitting the giant cockroach.
The giant cockroach bites you but does no damage.
You slash the giant cockroach!
You kill the giant cockroach!
Found a scroll labeled XIBEBO XIEKHECH.
Really walk into a travel-excluded area?
Okay, then.
Really walk into a travel-excluded area?
You are engulfed in blazing flames.
Ouch! That really hurt!
* * * LOW HITPOINT WARNING * * *
You are engulfed in blazing flames.
You die...

#........##..#####.##
#..# #...#.#####..#
#).# ##.# ###
#.#####..# #...# #.#
* #........# #§§§#
#.# * * #####.##.#
#§§§# #.# #.##.#
#§§§# #.# ,
#....#####...#####.#
#.###.§§§..%).§§§..#
*
#.##..§@§.")).§§§..#
, *
#.....§§§.?...§§§.##
* #.########...#####
#.# * §§# #.# ,§#
#.#** , # #.., ** , *
, ..#* * ### * *


There were no monsters in sight!

Vanquished Creatures
  Terence (D:2)
  An adder (D:2)
  An ooze (D:1)
  A worm (D:2)
  2 dart slugs (D:1)
  A leopard gecko (D:1)
  A ball python (D:1)
  2 giant cockroaches
  6 hobgoblins (D:1)
  4 kobolds (D:1)
  6 bats (D:1)
  2 frilled lizards (D:1)
  3 goblins (D:1)
  2 rats (D:1)
33 creatures vanquished.

Vanquished Creatures (others)
  A rat (D:2)
1 creature vanquished.

Grand Total: 34 creatures vanquished

Notes
Turn   | Place    | Note
-------+----------+-------------------------------------------
     0 | D:1      | Hercules1031 the Deep Dwarf Fighter began the quest for the Orb.
     0 | D:1      | Reached XP level 1. HP: 20/20 MP: 1/1
   131 | D:1      | Reached XP level 2. HP: 27/27 MP: 2/2
   350 | D:1      | Reached skill level 1 in Dodging
   431 | D:1      | Reached XP level 3. HP: 26/33 MP: 3/3
  1029 | D:2      | Noticed Terence
  1034 | D:2      | Killed Terence
  1034 | D:2      | Reached skill level 1 in Spellcasting
  1179 | D:2      | Reached XP level 4. HP: 25/42 MP: 5/5
  1226 | D:2      | HP: 1/42 [something (24)]
  1227 | D:2      | Engulfed by a cloud of flame

Vault maps used:
D:1:      dpeg_arrival_castle, minmay_misc_feat_encased, minmay_octomino_c4
D:2:      lemuel_flame_loot_1, uniq_terence

Skill      XL: |  1  2  3 |
---------------+----------+-----
Dodging        | 1 |  1.3
Fighting       | 3 |  3.0
Spellcasting   | 1 |  1.1
Axes           | |  2.8
Armour         | |  3.7
Shields        | |  3.7

Action                   |  1- 3 |  4- 6 || total
-------------------------+-------+-------++-------
Melee: War axe           |    84 |     2 ||    86
  Eat: Ration            |     2 |       ||     2
Armor: Scale mail        |    60 |     1 ||    61
Dodge: Dodged            |    40 |       ||    40
Block: Shield            |    66 |       ||    66

Table legend:
 A = Spawn XP
 B = Non-spawn XP
 C = Spawn XP percentage of total XP
 D = Spawn monster count
 E = Non-spawn monster count
 F = Spawn count percentage of total count
 G = Total turns spent on level
                    A         B        C        D         E        F      G
               +---------+---------+-------+---------+---------+-------+---------
         Total |       0 |     111 |   0.0 |       0 |      33 |   0.0 |  1227
               +---------+---------+-------+---------+---------+-------+---------
           D:1 |       0 |      59 |   0.0 |       0 |      29 |   0.0 |   995
           D:2 |       0 |      52 |   0.0 |       0 |       4 |   0.0 |   232
               +---------+---------+-------+---------+---------+-------+---------
